Map: Flooded City

Players

Odin - Winner!

  • Race: Zerg Zerg
  • League: Platinum
  • Spawn Location: 6:00

A.I. 1 (Elite)

  • Race: Terran Terran
  • Spawn Location: 12:00

A.I. 2 (Elite)

  • Race: Terran Terran
  • Spawn Location: 12:00

VOD

Have the link to the VOD?

Description

Time

  • Played on: Dec. 17, 2018, 12:27 p.m.
  • Length: 12:15
Show
View Real Time Build Order
Export as new Build Order

Odin Zerg - Winner!

Build Orders: Pool First 

Get SALT Encoding   

  12  0:18  Spawning Pool  
  11  0:23  Extractor  
  11  0:25  Drone  
  11  0:30  Drone  
  12  0:41  Overlord  
  12  1:05  Zergling x6  
  15  1:14  Queen  
  17  1:27  Metabolic Boost  
  17  1:32  Drone  
  18  1:38  Drone  
  19  1:57  Zergling x4  
  20  2:21  Zergling x4  
  21  2:24  Overlord  
  21  2:49  Zergling x6  
  24  2:59  Zergling x4  
  26  3:23  Zergling x6  
  28  3:36  Zergling x2  
  29  3:54  Zergling x2  
  28  4:12  Hatchery  
  27  4:41  Zergling x4  
  27  4:44  Overlord x4  
  29  5:30  Zergling x10  
  29  5:31  Zergling x2  
  35  5:55  Zergling x2  
  35  5:56  Zergling x2  
  37  6:09  Queen  
  39  6:11  Zergling x6  
  39  6:12  Zergling x2  
  43  6:38  Zergling x2  
  43  6:39  Zergling x12  
  50  7:13  Zergling x8  
  50  7:14  Zergling x6  
  57  7:44  Baneling Nest  
  57  7:47  Drone x3  
  57  7:48  Drone x3  
  62  7:52  Zergling x6  
  62  7:56  Zergling x4  
  67  8:25  Hatchery  
  66  8:44  Burrow  
  66  8:50  Drone  
  66  8:51  Overlord  
  66  8:52  Overlord x3  
  67  9:56  Drone  
  67  9:57  Drone x18  
  86  10:29  Extractor  
  86  10:30  Extractor  
  84  10:42  Baneling  
  84  10:43  Baneling x24  
  84  10:44  Baneling x13  
  84  10:45  Baneling  
  84  11:02  Baneling  
  84  11:03  Baneling  
  84  11:31  Zergling x18  
  84  11:32  Zergling x24  
  101  11:43  Zergling x2  
  101  11:44  Zergling x8  
  101  11:46  Overlord  
  106  11:47  Overlord x2  
Show
View Real Time Build Order
Export as new Build Order

A.I. 1 (Elite) Terran 

Build Orders:  

Get SALT Encoding   

  12  0:00  SCV  
  13  0:13  SCV  
  14  0:20  Supply Depot  
  14  0:25  SCV  
  15  0:41  SCV  
  16  0:44  Barracks  
  16  0:53  SCV  
  17  1:06  SCV  
  18  1:18  SCV  
  19  1:30  SCV  
  19  1:31  Marine  
  19  1:32  Supply Depot  
  21  1:34  Refinery  
  21  1:41  Command Center  
  21  1:49  Marine  
  22  1:55  Orbital Command  
  22  2:07  Marine  
  21  2:23  Barracks  
  21  2:24  SCV  
  21  2:27  Marine  
  23  2:36  SCV  
  24  2:37  Factory  
  24  2:39  Supply Depot  
  23  2:45  Marine  
  23  2:48  SCV  
  25  2:53  SCV  
  26  3:01  Refinery  
  26  3:03  Marine  
  26  3:09  Marine  
  27  3:14  SCV  
  26  3:21  Marine  
  21  3:27  Marine, Factory Tech Lab  
  20  3:36  SCV  
  20  3:39  Marine  
  15  3:41  SCV  
  15  3:45  Marine  
  13  3:48  SCV  
  13  3:53  SCV  
  14  4:01  SCV  
  15  4:05  SCV  
  15  4:13  SCV  
  15  4:17  SCV  
  16  4:25  SCV  
  16  4:28  Marine  
  16  4:29  SCV  
  14  4:37  SCV  
  13  4:42  SCV  
  12  4:49  SCV  
  12  4:54  SCV  
  13  5:01  SCV  
  13  5:02  Marine  
  13  5:06  Marine, SCV  
  17  5:13  SCV  
  17  5:18  SCV  
  14  5:25  Marine, SCV  
  13  5:31  SCV  
  12  5:37  SCV  
  12  5:42  Marine  
  13  5:43  SCV  
  13  5:49  SCV  
  14  5:56  SCV  
  14  6:02  SCV  
  15  6:08  SCV  
  15  6:20  SCV  
  14  6:33  Supply Depot  
  14  6:50  SCV  
  10  7:03  SCV  
  10  7:05  Command Center  
  8  7:15  SCV  
  9  7:20  Barracks  
  7  8:04  SCV  
  8  8:14  Barracks Tech Lab  
  8  8:16  SCV  
  9  8:21  SCV  
  10  8:28  SCV  
  10  8:39  SCV  
  11  8:47  SCV  
  12  8:54  SCV  
  13  9:01  SCV  
Show
View Real Time Build Order
Export as new Build Order

A.I. 2 (Elite) Terran 

Build Orders:  

Get SALT Encoding   

  12  0:01  SCV  
  13  0:13  SCV  
  14  0:20  Supply Depot  
  14  0:25  SCV  
  15  0:41  SCV  
  16  0:45  Barracks  
  16  0:53  SCV  
  17  1:05  SCV  
  18  1:17  SCV  
  19  1:21  Command Center  
  19  1:35  Marine, Orbital Command  
  20  1:48  Supply Depot  
  20  1:52  Refinery  
  20  1:53  Marine  
  20  2:01  SCV  
  19  2:10  Marine  
  19  2:13  SCV  
  18  2:25  SCV  
  18  2:28  Marine  
  20  2:37  Barracks, SCV  
  19  2:46  Marine  
  19  2:49  SCV  
  16  3:01  SCV  
  16  3:04  Marine  
  13  3:13  SCV  
  12  3:22  Marine  
  12  3:25  SCV  
  14  3:35  Marine  
  14  3:37  SCV  
  16  3:49  SCV  
  15  3:56  Marine  
  15  3:59  SCV  
  15  4:01  Marine  
  15  4:02  SCV  
  7  4:11  SCV  
  7  4:14  SCV  
  5  4:23  SCV  
  4  4:26  SCV  
  3  4:46  SCV  
  3  5:14  SCV  
  3  5:37  SCV  
  4  5:55  SCV  
  5  6:09  SCV  
Tags
 
Add a new tag
Caveats
  • Supply blocks, unpowered buildings, or Contaminate may cause inaccurate times.
  • Supply counts are checked every 10 seconds.